Description

This is an aggressive opening that lets you take control of the tempo of earlygame TvT and navigate your way safely to the midgame. You’ll have reapers and cyclones early on for defence and potentially massive damage to an opponent, a raven and vikings out to defend banshees and a very powerful “air-superiority tank push” where you use your vikings and raven to control the skies whilst your first 2 tanks edge into your opponent's natural. This will rarely end the game but will punish a greedy player hard and force him to show his hand - whilst you set up your strong 3-base marine-tank production and upgrades behind the pressure.

Build Order:

  • Gas-first
  • Rax
  • 17 supply/1:00 - 2nd gas
  • 19 Orbital + reaper (que 2nd reaper as this one finishes)
  • 20 Factory
  • 20 Depot (Scv ques up another depot and then goes to natural to build CC)
  • @100% Factory - Cyclone and Starport (next to rax)
  • 30/3:10 - CC at natural
  • @2nd reaper - Tech lab
  • 33 helion
  • Starport and barracks swap
  • Barracks adds reactor
  • Starport builds raven
  • Barracks swaps off and builds another reactor then constant marine production
  • Starport swaps onto reactor and builds 4 vikings
  • Factory swaps onto tech lab and constant tank production

From here you can go fast 3rd CC for heavy macro, 4-rax for all-in, or do my middle of the road approach, in order:

  • 2nd-3rd barracks + 3rd gas
  • 3rd CC
  • 4th gas
  • 2xebay
  • 4th-5th barracks

    - @1-1 60% - start armoury

VOD

https://www.youtube.com/watch?v=w0GXhNHNcQM

Replay - Air Superiority Tank Pressure - The PiG Daily #119

Build Order

Get SALT Encoding   

  12  0:01  SCV  
  13  0:13  SCV  
  14  0:18  Supply Depot  
  14  0:25  SCV  
  15  0:30  Refinery  
  15  0:39  SCV  
  16  0:44  Barracks  
  16  0:52  SCV  
  17  1:00  Refinery  
  17  1:04  SCV  
  18  1:16  SCV  
  19  1:31  Orbital Command  
  19  1:32  Reaper  
  20  1:38  Factory  
  20  1:44  Supply Depot  
  20  1:57  SCV  
  21  2:04  Reaper  
  22  2:09  SCV  
  23  2:19  Supply Depot  
  23  2:22  Cyclone  
  26  2:24  Starport  
  26  2:28  SCV  
  27  2:41  Barracks Tech Lab  
  30  3:07  Command Center  
  30  3:09  Barracks Reactor  
  30  3:15  Raven  
  35  3:20  Hellion  
  35  3:23  Supply Depot  
  37  3:47  Supply Depot  
  38  3:59  Barracks Reactor  
  38  4:09  Viking x2  
  40  4:15  Siege Tank  
  46  4:20  Orbital Command  
  47  4:35  Marine x2  
  50  4:45  Viking  
  54  4:51  Siege Tank  
  57  4:53  Marine x2  
  61  5:03  Barracks x2  
  61  5:07  Refinery  
  61  5:08  Viking  
  61  5:11  Marine x2  
  69  5:38  Marine x2  
  69  5:40  Siege Tank  
  76  5:44  Command Center  
  77  5:51  Refinery  
  79  6:10  Marine x2  
  79  6:11  Barracks Reactor, Barracks Tech Lab  
  82  6:13  Barracks x2  
  82  6:15  Engineering Bay x2  
  87  6:34  Siege Tank  
  93  6:57  Orbital Command  
  93  6:58  Starport Reactor  
  97  7:02  Barracks Reactor x2  
  105  7:26  Refinery  
  112  7:34  Armory  
Spawning Tool Build Advisor. Get it on Overwolf

Analysis

  • Whenever in doubt if you’ll win a reaper skirmish - run home!
  • Never feel a need to push in overly hard
  • Do try to poke in - if they aren’t watching and you land the first reaper grenades it can turn a reaper-cyclone skirmish wayyy in your favour.
  • Raven should only go to pressure vs expand builds, or where you’re sure they aren’t going cloaked banshee
  • Vs banshees drop a fast single ebay around the time your 2nd-3rd rax go down (You need turrets down for when your raven moves out with your push)

*What if they’re also delaying their expansion? Can I still pressure? *

  • You should still look for opportunities to pressure with your reaper cyclone, but be VERY careful to not lose units.
  • You’re mostly checking they’re building as many units as you for safety and seeing if you can catch any free units
  • If they have enough units to defend no need to do anything other than seige up for a short while outside the natural then pull home once you think they could be counter-dropping

“Do I always push with the tanks? How hard do I commit here and when should I pull back?”

  • You are aiming to deny mining on their natural partially if possible
  • Always scout ahead with the raven/vikings
  • The situations where you don’t commit and just go home or seige very carefully are when you see:
  • mass helion
  • 3+ Cyclones
  • Any bigger army that’s already moving out to intercept you
  • No need to try and lock them in with a contain - you’ll be to open to them just dropping you or jumping on top of your measly army as their force grows
  • Usually the rule is after about 1 minute at their natural if they haven’t lost any army, they should be able to move out and crush your contain, so either go home or just take as good a trade as you can with your units before they die

Go to:

Details

  • Created by: PiG      
  • Published on: Feb 13, 2017
  • Modified on: Feb 13, 2017
  • Patch: 3.8.0
Show
View Real Time Build Order
Export as new Build Order

Comments (4)

On Aug. 29, 2018, 3:47 a.m., PiG  said:

For sure Pesinario, I've actually been doing that with the faster stim myself lately, though I wouldn't say either is especially stronger

On Aug. 27, 2018, 9:45 p.m., Pesinario  said:

instead of a third reactor can you get tech lab for a quicker stim timing or are you too weak in fights if you go that route?

On June 19, 2018, 3:18 a.m., PiG  said:

You don't particularly need it since you're opening 2 reapers and a cyclone so fast, but if you prefer scv scouting it shouldn't be an issue

On June 18, 2018, 11:51 a.m., Xandro  said:

Do you advise against scv scouting with this build?

Create an account to comment!